 Dungeon Crawl Stone Soup version 0.20-a0-792-g09bcfd3 (webtiles) character file.

415 4thArraOfDagon the Slasher (level 6, -3/50 HPs)
             Began as a Barachian Fighter on Feb 28, 2017.
             Slain by a hound (4 damage)
             ... on level 5 of the Dungeon.
             The game lasted 00:05:04 (949 turns).

4thArraOfDagon the Slasher (Barachian Fighter)       Turns: 949, Time: 00:05:05

Health: -3/50      AC:  4    Str: 18    XL:     6   Next: 92%
Magic:  6/6        EV: 11    Int: 10    God:
Gold:   75         SH:  0    Dex: 13    Spells: 5/5 levels left

rFire    . . .     SeeInvis .   d - +0 great sword
rCold    . . .     Gourm    .   b - +0 scale mail
rNeg     . . .     Faith    .   (shield currently unavailable)
rPois    .         Spirit   .   (no helmet)
rElec    .         Reflect  .   (no cloak)
rCorr    .         Harm     .   (no gloves)
MR       .....     Clarity  +   (no boots)
Stlth    ..........             (no amulet)
Regen    0.2/turn               (no ring)
MPRegen  0.1/turn               (no ring)

@: slow
A: +LOS, swims, agile 1, clarity, deformed body, slowness 1, strong legs 1
a: Hop


You were on level 5 of the Dungeon.
You were hungry.

You visited 1 branch of the dungeon, and saw 5 of its levels.

You collected 75 gold pieces.

Inventory:

Hand Weapons
 a - a +0 long sword
 d - a +0 great sword (weapon)
Armour
 b - a +0 scale mail (worn)
 c - a +0 shield
Potions
 e - a potion of magic {unknown}
 g - a potion of flight
 i - 2 potions of degeneration
Comestibles
 f - 4 bread rations
 h - a royal jelly
 j - a meat ration
 k - 2 chunks of flesh


   Skills:
 + Level 4.8 Fighting
 * Level 5.6 Long Blades
 + Level 5.0 Armour
 + Level 2.8 Dodging
 - Level 4.0 Shields


You had 5 spell levels left.
You didn't know any spells.

Dungeon Overview and Level Annotations

Branches:
Dungeon (5/15)
 Temple: D:4-7

Altars:

Shops:
D:4 =


Innate Abilities, Weirdness & Mutations

Shadows flee at your approach. (+LOS)
You can swim through water.
You cover ground slowly.
You can hop short distances.
You are agile. (Dex +2)
You possess an exceptional clarity of mind.
Armour fits poorly on your strangely shaped body.


Message History

The hound barely misses you.
You riposte.
You miss the hound.
The hound is heavily wounded.
The hound closely misses you.
You barely miss the hound.
The hound is heavily wounded.
The hound bites you.
* * * LOW HITPOINT WARNING * * *
The hound barely misses you.
You riposte.
You barely miss the hound.
The hound is heavily wounded.
You closely miss the hound.
The hound is heavily wounded.
The hound bites you.
* * * LOW HITPOINT WARNING * * *
The hound bites you.
* * * LOW HITPOINT WARNING * * *
Unknown command.
You barely miss the hound.
The hound is heavily wounded.
The hound bites you.
You die...

### #...# ..# #...#
..# ###.#######.#
..# #.....h.... ..#
###)######...
..###########.....#
....(...........#.#
..###.........).#h#
..# #.########..@.#
..# #.# #..#.###
#.# #.# ####..#.#
#.# #.# #.......#
#.###.# #.#####.#
#.....###.#######
######......(#
#######.# #.#


You could see a hound.

Vanquished Creatures
  A centaur (D:5)
  A bullfrog (D:4)
  A scorpion (D:5)
  A howler monkey (D:5)
  A jelly (D:3)
  An iguana (D:3)
  An orc wizard (D:4)
  A worker ant (D:5)
  3 gnolls (D:5)
  2 adders (D:4)
  8 orcs
  2 bats (D:2)
  A giant cockroach (D:4)
  5 goblins
  2 hobgoblins (D:2)
  A frilled lizard (D:1)
  4 kobolds
  A quokka skeleton (D:4)
  5 rats (D:2)
42 creatures vanquished.

Notes
Turn   | Place    | Note
-------+----------+-------------------------------------------
     0 | D:1      | 4thArraOfDagon the Barachian Fighter began the quest for the Orb.
     0 | D:1      | Reached XP level 1. HP: 18/18 MP: 1/1
    68 | D:1      | Reached XP level 2. HP: 19/24 MP: 2/2
   154 | D:3      | Reached XP level 3. HP: 17/29 MP: 3/3
   283 | D:3      | Reached skill level 1 in Dodging
   283 | D:3      | Reached XP level 4. HP: 11/37 MP: 4/4
   377 | D:4      | Found Zaemotal's Jewellery Boutique.
   378 | D:4      | Noticed a bullfrog
   392 | D:4      | Killed a bullfrog
   392 | D:4      | Reached XP level 5. HP: 12/42 MP: 5/5
   539 | D:5      | Entered Level 5 of the Dungeon
   678 | D:5      | Gained mutation: You possess an exceptional clarity of mind. [potion of mutation]
   678 | D:5      | Gained mutation: Armour fits poorly on your strangely shaped body. [potion of mutation]
   678 | D:5      | Gained mutation: You are agile. (Dex +2) [potion of mutation]
   700 | D:5      | Reached skill level 5 in Long Blades
   700 | D:5      | Reached XP level 6. HP: 11/49 MP: 6/6
   933 | D:5      | Reached skill level 5 in Armour
   948 | D:5      | HP: 1/50 [hound (3)]
   949 | D:5      | Slain by a hound

Vault maps used:
D:1:      scummos_arrival_forest
D:2:      first_bread, st_stairs_9, eino_tiny_chamber, minmay_rat_gold_closets
D:3:      tso_altar
D:4:      serial_shops, shop
D:5:      old_standard_altar, minmay_temple_entry_from_below_b

Skill      XL: |  1  2  3  4  5  6 |
---------------+-------------------+-----
Long Blades    | 3 4 5 |  5.6
Armour         | 4 5 |  5.0
Dodging        | 1 2 |  2.8
Fighting       | 4 |  4.8
Shields        | 4 |  4.0

Action                   |  1- 3 |  4- 6 || total
-------------------------+-------+-------++-------
Melee: Long sword        |    73 |    56 ||   129
       Great sword       |       |    16 ||    16
 Abil: Hop               |     1 |       ||     1
  Use: Scroll            |     1 |     1 ||     2
       Potion            |     1 |     4 ||     5
Armor: Scale mail        |    22 |    26 ||    48
       Skin              |     8 |       ||     8
Dodge: Dodged            |    19 |    21 ||    40
Block: Shield            |    39 |    33 ||    72
       Rpst.: Long sword |     6 |     2 ||     8
       Great sword       |       |     6 ||     6
